 Dungeon Crawl Stone Soup version 0.28-a0-533-g9f97627e2a (webtiles) character file.

Game seed: 16705665466551180496

186 Conn the Firebug (level 5, -3/31 HPs)
             Began as an Octopode Fire Elementalist on Sept 25, 2021.
             Slain by an adder (4 damage)
             ... on level 3 of the Dungeon.
             The game lasted 00:05:54 (2279 turns).

Conn the Firebug (Octopode Fire Elementalist)       Turns: 2279, Time: 00:06:00

Health: -3/31      AC:  1    Str:  8    XL:     5   Next: 66%
Magic:  8/8        EV: 10    Int: 18    God:
Gold:   94         SH:  0    Dex: 12    Spells: 7/8 levels left

rFire   . . .      SeeInvis .   c - +2 short sword (venom)
rCold   + . .      Faith    .   (no shield)
rNeg    . . .      Spirit   .   (helmet restricted)
rPois   .          Reflect  .   (no amulet)
rElec   .          Harm     .   d - ring of protection from cold
rCorr   .          Rampage  .   k - ring of willpower
Will    +....                   (no ring)
Stlth   +++.......              (no ring)
HPRegen 0.10/turn               (no ring)
MPRegen 0.11/turn               (no ring)
                                (no ring)
                                (no ring)

@: constricted
A: almost no armour, amphibious, 8 rings, camouflage 1, gelatinous body 1,
(nimble swimmer 1), tentacles
a: no special abilities


You were on level 3 of the Dungeon.
You visited 1 branch of the dungeon, and saw 3 of its levels.

You collected 94 gold pieces.

Inventory:

Hand Weapons
 b - a +0 dagger
 c - a +2 short sword of venom (weapon)
Jewellery
 d - a ring of protection from cold (left tentacle)
 k - a ring of willpower (right tentacle)
Wands
 f - a wand of polymorph (11)
Scrolls
 a - 4 scrolls of identify
 j - a scroll of magic mapping


   Skills:
 + Level 0.1 Fighting
 + Level 1.0 Short Blades
 + Level 2.6 Dodging
 + Level 3.9 Stealth
 + Level 2.4 Spellcasting
 + Level 1.7 Conjurations
 + Level 4.7 Fire Magic


You had 7 spell levels left.
You knew the following spells:

 Your Spells              Type           Power      Damage    Failure   Level
a - Foxfire               Conj/Fire      52%        2x1d6     4%          1

Your spell library contained the following spells:

 Spells                   Type           Power      Damage    Failure   Level
 Scorch                   Fire           38%        2d6       3%          2
 Conjure Flame            Conj/Fire      13%        6-21      14%         3
 Inner Flame              Hex/Fire       10%        N/A       21%         3
 Flame Wave               Conj/Fire      13%        3d5       41%         4


Dungeon Overview and Level Annotations

Branches:
Dungeon (3/15)

Altars:

Annotations:
D:3 Robin


Innate Abilities, Weirdness & Mutations

You cannot wear most types of armour.
You are amphibious.
You can wear up to eight rings at the same time.
Your skin changes colour to match your surroundings (Stealth+).
Your rubbery body absorbs attacks. (AC +1, EV +1)
((You are camouflaged near water. (Stealth+)))
You have tentacles for arms and can constrict up to eight enemies at once.


Message History

Unknown command.
Unknown command.
The ball python's grasp on you weakens, but your attempt to escape fails.
You feel sick. The bat barely misses you. The ball python barely misses you.
The ball python constricts you. The adder barely misses you.
The ball python bites you. The ball python constricts you.
Unknown command.
You completely miss the adder. Your grab misses the adder.
You feel sick. The bat closely misses you. The adder closely misses you.
The hobgoblin hits you but does no damage.
The adder bites you but does no damage. The ball python barely misses you.
The ball python constricts you.
Unknown command.
You hit the adder.
The adder is poisoned.
Your grab misses the adder.
The adder is severely wounded.
You feel sick.
You are no longer poisoned.
The bat hits you but does no damage. The bat barely misses you.
The adder misses you. The ball python closely misses you.
The ball python constricts you.
* * * LOW HITPOINT WARNING * * *
The hobgoblin hits you.
* * * LOW HITPOINT WARNING * * *
You barely miss the adder. Your grab misses the adder.
The adder is heavily wounded.
The bat closely misses you. x2; The adder barely misses you.
The ball python closely misses you. The ball python constricts you.
* * * LOW HITPOINT WARNING * * *
The hobgoblin barely misses you. The bat hits you.
* * * LOW HITPOINT WARNING * * *
You aren't carrying any potions.
Unknown command.
Unknown command.
You hit the hobgoblin.
The hobgoblin is poisoned.
Your grab misses the hobgoblin. Your squeeze misses the hobgoblin.
The hobgoblin is moderately wounded.
The bat hits you.
* * * LOW HITPOINT WARNING * * *
The adder bites you.
You die...

..##..#,*,,,,,,,#.#,,,,,,,,,*#...
......#,*,,,,,,,#.#,,,,,,,,,*#<..
......#,*,,,,,,,#.#,,,,,#........
.....##,**,,,,,##.##,,,,#........
....##,,,**,,,##...##,,.[.###....
....#,,...##+##.....#,,.#***.....
...>#,,#...B...gB#..#,,,**,K.#..<
....#,,...#####SgS..#,,,,*,#...##
....##,,,**,.###@b.##,*,,,,#.###
.....##*****...#####,,*,*,,,,*
####..######......,,,,,,*,,,**
###...............,,,,,,*,,,*
#...#####.........,,,,,,*,,,****
...#......#.......,,,,,,*,,,,,^**
>....#####..##...*,,,**,,,,***,*,
...### ##..##***#******,,,****,*,
...# ###..## *,,,,,,,,,,


You could see an adder (very poisoned), a giant cockroach, 2 hobgoblins, a bat
and a ball python.

Vanquished Creatures
  Natasha (thrice) (D:2)
  3 gnolls (D:2)
  5 adders
  A worm (D:2)
  2 dart slugs (D:2)
  3 endoplasms
  3 giant cockroaches
  A hobgoblin (D:2)
  4 quokkas
  2 ball pythons
  A bat (D:1)
  6 frilled lizards
  4 kobolds
  3 rats
41 creatures vanquished.

Vanquished Creatures (others)
  105 foxfires
105 creatures vanquished.

Grand Total: 146 creatures vanquished

Notes
Turn   | Place    | Note
-------+----------+-------------------------------------------
     0 | D:1      | Conn the Octopode Fire Elementalist began the quest for the
                  | Orb.
     0 | D:1      | Reached XP level 1. HP: 11/11 MP: 3/3
   294 | D:1      | Reached XP level 2. HP: 12/17 MP: 5/5
  1063 | D:2      | Reached XP level 3. HP: 21/21 MP: 6/6
  1088 | D:2      | Reached skill level 4 in Fire Magic
  1101 | D:3      | Noticed Robin
  1315 | D:2      | Noticed Natasha
  1320 | D:2      | Killed Natasha
  1321 | D:2      | Reached XP level 4. HP: 27/27 MP: 2/7
  1324 | D:2      | Noticed Natasha
  1331 | D:2      | Killed Natasha
  1376 | D:2      | Noticed Natasha
  1381 | D:2      | Killed Natasha
  1431 | D:2      | Reached XP level 5. HP: 31/31 MP: 2/8
  1995 | D:2      | Found a faded altar of an unknown god.
  2157 | D:3      | Reached skill level 1 in Short Blades
  2278 | D:3      | HP: 1/31 [bat (1)]
  2279 | D:3      | Slain by an adder

Illustrated notes

Levels and vault maps discovered:
D:1:      nicolae_arrival_washed_ashore, layout_basic
D:2:      layout_rooms, chequers_ecumenical_altar_grove, uniq_natasha
D:3:      minmay_octagon_keep, layout_rooms, serial_shops, shop, shop, shop,
          uniq_robin

Skill      XL: |  1  2  3  4  5 |
---------------+----------------+-----
Fire Magic     | 4 |  4.7
Stealth        | 3 |  3.9
Short Blades   | 1 |  1.0
Fighting       | |  0.1
Dodging        | |  2.6
Spellcasting   | |  2.4
Conjurations   | |  1.7

Action                   |  1- 3 |  4- 6 || total
-------------------------+-------+-------++-------
Melee: Dagger            |     6 |       ||     6
       Constrict         |     7 |     6 ||    13
       Unarmed           |     2 |       ||     2
       Short sword       |    13 |    22 ||    35
       Tentacles         |     2 |     4 ||     6
 Cast: Foxfire           |    17 |    43 ||    60
  Use: Scroll            |       |     4 ||     4
       Potion            |       |     3 ||     3
 Stab: Sleeping          |     3 |     1 ||     4
Armor: Skin              |     2 |    18 ||    20
Dodge: Dodged            |    18 |    59 ||    77

Table legend: (Time is in decaauts)
 A = Elapsed time spent in this place.
 B = Non-inter-level travel time spent in this place.
 C = Inter-level travel time spent in this place.
 D = Time resting spent in this place.
 E = Time spent auto-exploring this place.
 F = Levels seen in this place.
 G = Mean time per level.
                   A        B        C        D        E       F      G
               +--------+--------+--------+--------+--------+-----+--------+
         Total |   2281 |   2165 |    116 |    145 |   1524 |   3 |  760.3 |
       Dungeon |   2281 |   2165 |    116 |    145 |   1524 |   3 |  760.3 |
               +--------+--------+--------+--------+--------+-----+--------+

Top non-repeatable levels by time:
     D:1: 1173 daAuts
     D:2: 857 daAuts
     D:3: 250 daAuts
